Map: Deathaura LE

Players

zuka - Winner!

  • Race: Protoss Protoss
  • League: Master
  • Spawn Location: 5:00

Uplifter

  • Race: Terran Terran
  • League: Master
  • Spawn Location: 11:00

VOD

Have the link to the VOD?

Description

Time

  • Played on: Dec. 21, 2020, 3:12 p.m.
  • Length: 18:04
Show
View Real Time Build Order
Export as new Build Order

zuka Protoss - Winner!

Build Orders: 1 Gate Expand, Oracle Opening, Phoenix Opening 

Get SALT Encoding   

  12  0:00  Probe  
  13  0:12  Probe  
  14  0:17  Pylon  
  14  0:25  Probe (Chrono Boost)  
  16  0:37  Gateway, Probe (Chrono Boost)  
  16  0:42  Probe (Chrono Boost)  
  16  0:46  Assimilator  
  17  0:51  Probe  
  18  1:03  Probe  
  19  1:15  Probe  
  20  1:24  Cybernetics Core  
  20  1:35  Nexus  
  20  1:37  Probe  
  21  1:43  Pylon  
  21  1:50  Assimilator  
  21  1:52  Probe  
  22  1:58  Adept (Chrono Boost)  
  22  2:04  Probe  
  25  2:16  Probe  
  25  2:17  Shield Battery  
  25  2:19  Warp Gate  
  26  2:24  Adept  
  26  2:28  Probe  
  29  2:40  Stargate  
  29  2:41  Probe  
  30  2:49  Probe  
  31  2:53  Probe  
  32  3:01  Probe  
  32  3:05  Probe  
  34  3:11  Adept  
  34  3:13  Probe  
  34  3:17  Probe  
  36  3:21  Oracle (Chrono Boost)  
  36  3:25  Probe  
  40  3:29  Probe  
  41  3:34  Shield Battery  
  41  3:37  Probe  
  42  3:41  Probe  
  40  3:50  Probe  
  40  3:53  Adept, Probe  
  44  3:58  Phoenix (Chrono Boost)  
  46  4:10  Pylon  
  46  4:11  Probe  
  46  4:13  Probe  
  45  4:20  Robotics Facility  
  45  4:25  Probe (Chrono Boost)  
  45  4:26  Probe (Chrono Boost)  
  46  4:36  Probe (Chrono Boost)  
  48  4:40  Probe (Chrono Boost)  
  48  4:42  Probe (Chrono Boost)  
  48  4:45  Stalker  
  51  4:48  Probe  
  51  4:51  Assimilator  
  52  4:56  Assimilator  
  53  5:00  Probe, Shield Battery  
  53  5:04  Pylon  
  53  5:06  Probe  
  54  5:13  Pylon  
  54  5:22  Phoenix (Chrono Boost), Probe x2  
  58  5:34  Probe x2  
  60  5:37  Adept  
  60  5:40  Robotics Bay  
  64  5:57  Immortal (Chrono Boost), Stalker  
  63  6:13  Probe x2  
  63  6:15  Phoenix  
  67  6:18  Pylon  
  67  6:21  Pylon  
  67  6:29  Observer  
  68  6:33  Gateway  
  68  6:35  Stalker  
  68  6:40  Shield Battery  
  68  6:58  Colossus (Chrono Boost)  
  68  7:00  Probe x2  
  68  7:04  Phoenix  
  68  7:05  Extended Thermal Lance  
  72  7:09  Nexus  
  72  7:12  Probe x2  
  74  7:16  Pylon  
  74  7:18  Pylon  
  74  7:24  Probe  
  74  7:25  Forge  
  74  7:26  Probe  
  74  7:29  Twilight Council, Phoenix  
  78  7:31  Forge  
  78  7:36  Probe  
  79  7:38  Probe  
  79  7:41  Pylon  
  80  7:48  Probe  
  81  7:52  Probe  
  81  7:54  Phoenix  
  81  7:56  Forge  
  84  8:00  Probe, Colossus  
  84  8:05  Charge  
  91  8:08  Probe  
  93  8:12  Probe  
  93  8:19  Protoss Ground Armor Level 1 (Chrono Boost)  
  93  8:20  Probe x2  
  93  8:24  Probe  
  92  8:27  Protoss Ground Weapons Level 1 (Chrono Boost)  
  92  8:32  Probe x2  
  94  8:35  Gateway  
  94  8:37  Gateway, Probe  
  95  8:43  Zealot x2  
  95  8:48  Gateway  
  100  8:49  Gateway  
  100  8:52  Colossus (Chrono Boost)  
  99  9:00  Probe x2  
  107  9:06  Zealot x2  
  111  9:14  Pylon  
  111  9:16  Pylon  
  111  9:19  Probe  
  111  9:21  Probe  
  111  9:22  Probe  
  114  9:28  Pylon  
  114  9:29  Zealot  
  114  9:30  Zealot, Warp Prism (Chrono Boost)  
  118  9:33  Probe  
  118  9:34  Probe  
  122  9:38  Templar Archives  
  122  9:43  Assimilator  
  122  9:48  Assimilator  
  122  9:49  Zealot  
  122  9:50  Zealot  
  122  9:51  Zealot  
  128  9:53  Zealot  
  128  9:54  Probe  
  128  9:58  Zealot x2  
  135  10:06  Probe  
  136  10:08  Immortal  
  140  10:19  Zealot x4  
  140  10:21  Pylon  
  146  10:57  Probe x3  
  147  11:00  Nexus  
  147  11:04  Protoss Ground Armor Level 2 (Chrono Boost), High Templar x4, Protoss Ground Weapons Level 2 (Chrono Boost)  
  149  11:08  Archon x2  
  157  11:13  Pylon  
  157  11:15  Pylon  
  157  11:19  Pylon  
  157  11:23  Stalker x2  
  142  11:33  Probe x2  
  142  11:36  Void Ray (Chrono Boost)  
  142  11:37  Stalker x4  
  147  11:43  Blink (Chrono Boost)  
  149  11:49  Stargate  
  149  11:50  Stargate  
  149  11:51  Stalker x2  
  149  11:54  Probe  
  149  12:06  Stalker x4  
  157  12:15  Probe x2  
  157  12:16  Probe  
  157  12:18  Probe  
  158  12:32  Dark Shrine  
  158  12:34  Stalker x2  
  158  12:35  Stalker x4  
  170  12:41  Gateway  
  167  12:44  Gateway  
  167  12:48  Gateway  
  167  12:50  Gateway, Assimilator  
  167  12:53  Pylon  
  167  12:54  Assimilator  
  167  12:58  Stalker x2  
  167  12:59  Stalker x2  
  167  13:04  Stalker x2  
  169  13:22  Stalker x4  
  175  13:42  Stalker x4  
  175  13:45  Stalker x2  
  175  13:46  Stalker x2  
  170  14:05  Stalker x5  
  170  14:06  Stalker  
  180  14:22  Stalker x4  
  159  14:35  Stalker x5  
  159  14:36  Stalker  
  161  14:47  Stalker x3  
  161  14:59  Stalker x2  
  157  15:18  Cybernetics Core  
  120  15:52  Pylon  
  120  15:53  Stalker  
  120  15:54  Pylon, Stalker x6  
  120  15:55  Stalker x2  
  120  15:56  Pylon  
  119  16:06  Probe x2  
  119  16:07  Probe x2  
  123  16:18  Stalker x3, Probe  
  125  16:19  Stalker x5  
  125  16:24  Probe x2  
  142  16:44  Stalker x4  
  150  17:05  Nexus  
  148  17:14  Stalker x4  
  134  17:33  Stalker x5  
Show
View Real Time Build Order
Export as new Build Order

Uplifter Terran 

Build Orders: 1/1/1, Liberator Opening 

Get SALT Encoding   

  12  0:00  SCV  
  13  0:12  SCV  
  14  0:17  Supply Depot  
  14  0:24  SCV  
  15  0:29  Refinery  
  15  0:38  SCV  
  16  0:44  Barracks  
  16  0:52  SCV  
  17  1:04  SCV  
  18  1:16  SCV  
  19  1:31  Marine  
  19  1:32  Orbital Command  
  20  1:34  Supply Depot  
  20  1:36  Factory  
  20  1:49  Marine  
  21  1:58  SCV  
  22  2:08  Marine  
  22  2:10  SCV  
  24  2:19  Starport  
  24  2:21  Hellion  
  26  2:26  Marine  
  26  2:27  Supply Depot  
  26  2:29  SCV  
  28  2:41  SCV  
  28  2:42  Hellion  
  31  2:49  Marine  
  32  2:53  SCV  
  32  3:03  Hellion  
  32  3:08  Command Center  
  31  3:13  Liberator  
  34  3:34  Marine  
  34  3:35  Hellion  
  35  3:49  SCV  
  35  3:52  Barracks  
  35  3:53  Barracks  
  35  3:54  Barracks  
  34  3:57  Hellion  
  36  4:05  Marine  
  35  4:18  Hellion  
  35  4:21  Liberator  
  35  4:23  Marine  
  41  4:25  SCV  
  40  4:35  Orbital Command  
  38  4:38  SCV  
  38  4:40  Marine x2  
  38  4:42  Marine x2  
  38  4:45  Widow Mine  
  43  5:01  Marine x4  
  43  5:05  SCV  
  43  5:06  SCV  
  49  5:12  Widow Mine  
  49  5:13  Medivac  
  53  5:19  Marine  
  54  5:28  Marine x2  
  52  5:29  Marine  
  53  5:35  SCV x2  
  53  5:39  Marine, Barracks  
  53  5:40  Barracks  
  53  5:41  Barracks  
  55  5:43  Medivac  
  55  5:46  Marine  
  55  5:48  Marine x2  
  62  5:50  Widow Mine  
  62  6:00  Marine  
  54  6:12  Marine x3  
  57  6:18  Marine  
  57  6:20  Medivac  
  57  6:22  Hellion  
  62  6:28  Supply Depot  
  62  6:31  Supply Depot  
  62  6:32  Marine  
  62  6:33  Marine  
  62  6:34  SCV  
  62  6:36  SCV  
  62  6:37  Marine  
  62  6:39  Command Center  
  61  6:42  Marine x2  
  61  6:44  Marine  
  61  6:46  Marine, SCV  
  61  6:50  Marine  
  61  6:51  Marine  
  61  6:55  Marine  
  61  7:00  Marine  
  59  7:02  Marine  
  59  7:03  Barracks Tech Lab  
  59  7:04  SCV x2  
  59  7:08  Marine x2  
  55  7:15  Marine x2  
  51  7:16  SCV x2  
  51  7:17  Marine  
  51  7:18  Command Center  
  51  7:20  Marine  
  56  7:26  Marine  
  56  7:28  SCV x2  
  59  7:34  Marine  
  59  7:35  Marine x2  
  62  7:40  SCV x2  
  62  7:42  Engineering Bay  
  62  7:43  Refinery  
  64  7:45  Refinery  
  64  7:46  Refinery  
  64  7:50  Marine x4  
  68  7:52  SCV  
  68  7:53  SCV  
  70  8:06  SCV  
  70  8:07  SCV x2  
  72  8:14  Factory Tech Lab, Starport Tech Lab  
  72  8:19  SCV x2  
  74  8:28  Starport x2  
  74  8:33  SCV  
  75  8:37  Planetary Fortress  
  75  8:38  SCV x2  
  75  8:41  Refinery x2  
  77  8:43  Refinery  
  77  8:45  Missile Turret, SCV  
  78  8:48  Fusion Core  
  78  8:50  SCV x2  
  80  8:56  Missile Turret  
  80  8:57  SCV  
  82  9:02  SCV  
  82  9:03  SCV  
  82  9:08  Starport Tech Lab x2  
  82  9:09  SCV  
  84  9:13  Missile Turret  
  84  9:14  SCV  
  84  9:15  Siege Tank  
  88  9:17  SCV  
  88  9:18  Missile Turret  
  88  9:19  Missile Turret, Planetary Fortress  
  88  9:22  SCV  
  90  9:27  SCV  
  90  9:29  SCV  
  92  9:34  SCV  
  93  9:39  Bunker, Battlecruiser, SCV  
  93  9:41  SCV  
  93  9:45  Refinery  
  101  9:46  SCV  
  101  9:51  SCV  
  103  9:53  Bunker, SCV  
  103  9:54  Bunker  
  103  9:56  SCV  
  103  9:58  Bunker, SCV  
  106  10:01  Supply Depot  
  106  10:03  Supply Depot, SCV  
  106  10:05  SCV  
  107  10:08  SCV  
  108  10:19  Supply Depot  
  107  10:24  Supply Depot x2  
  107  10:26  Supply Depot  
  107  10:27  Supply Depot  
  107  10:28  Supply Depot  
  107  10:32  Supply Depot  
  107  10:34  Battlecruiser x2  
  119  10:38  Weapon Refit  
  111  10:53  Bunker  
  111  10:54  Marine x2  
  111  10:57  Siege Tank, SCV  
  116  10:58  SCV x2  
  119  11:04  Missile Turret x2  
  119  11:12  Marine x2  
  119  11:13  Marine x5  
  119  11:15  Battlecruiser  
  132  11:19  Armory  
  132  11:20  Armory  
  125  11:38  Command Center  
  125  11:44  Battlecruiser  
  125  11:45  Battlecruiser  
  137  11:55  SCV x3  
  137  11:59  Refinery  
  140  12:07  SCV  
  140  12:17  Bunker  
  140  12:19  SCV x3  
  137  12:33  Terran Vehicle And Ship Armor Level 1, Terran Ship Weapons Level 1  
  137  12:35  Bunker  
  137  12:38  Command Center  
  137  12:52  SCV  
  137  12:53  SCV x2  
  140  13:04  SCV  
  140  13:05  Battlecruiser x3, SCV  
  160  13:08  Planetary Fortress  
  160  13:31  Missile Turret x2  
  160  13:32  Missile Turret  
  160  13:37  Neosteel Armor  
  160  13:38  Supply Depot  
  160  13:43  Missile Turret  
  160  13:44  Sensor Tower  
  160  13:47  Missile Turret  
  154  14:09  Battlecruiser  
  125  14:47  SCV  
  125  14:49  Planetary Fortress  
  125  14:50  Refinery  
  120  15:09  Supply Depot  
  120  15:10  Supply Depot  
  120  15:12  Supply Depot  
  106  15:14  Supply Depot  
  106  15:34  SCV  
  107  15:36  Battlecruiser  
  106  15:46  SCV  
  103  15:58  SCV  
  99  16:10  SCV x2  
  101  16:12  Command Center  
  101  16:14  Command Center  
  101  16:16  Command Center  
  101  16:19  Command Center  
  101  16:22  SCV x2  
  101  16:34  SCV  
  99  16:45  SCV  
  99  16:46  SCV  
  99  16:53  Banshee  
  102  16:59  Command Center  
  102  17:01  Command Center  
  101  17:02  Engineering Bay  
  87  17:45  Barracks  
Tags
 
Add a new tag
Caveats
  • Supply blocks, unpowered buildings, or Contaminate may cause inaccurate times.
  • Supply counts are checked every 10 seconds.